 Dungeon Crawl Stone Soup version 0.30-a0-373-gd37427bb62 (webtiles) character file.

Game seed: 12249508072608938232

119 nomicflux the Conjurer (level 4, -1/57 HPs)
             Began as a Draconian Conjurer on Nov 23, 2022.
             Succumbed to Jessica's poison
             ... on level 2 of the Dungeon.
             The game lasted 00:05:16 (2499 turns).

nomicflux the Conjurer (Draconian Conjurer)         Turns: 2499, Time: 00:05:17

Health: -1/57      AC: 22    Str:  9    XL:     4   Next: 74%
Magic:  7/7        EV:  2    Int: 21    God:
Gold:   44         SH:  0    Dex:  9    Spells: 4/7 levels left

rFire   . . .      SeeInvis .    c - +1 dagger (venom)
rCold   . . .      Faith    .    (no shield)
rNeg    . . .      Spirit   .    (body armour unavailable)
rPois   +          Reflect  .    (helmet currently unavailable)
rElec   .          Harm     .    (cloak currently unavailable)
rCorr   .          Rampage  .    (gloves currently unavailable)
Will    .....      NoTele   +    (boots currently unavailable)
Stlth   ++........               (no amulet)
HPRegen 0.29/turn                (no ring)
MPRegen 0.10/turn                (no ring)

@: lethally poisoned (-1 -> -10), tree-form
A: stationary, stasis, torment immunity, boosted hp, AC +5, unfitting armour,
(cold-blooded)
a: no special abilities


You were on level 2 of the Dungeon.
You were a tree.
You visited 1 branch of the dungeon, and saw 3 of its levels.

You collected 44 gold pieces.

Inventory:

Hand Weapons
 c - a +1 dagger of venom (weapon)
Armour
 i - a +0 pair of boots (melded)
Scrolls
 b - a scroll of immolation {unknown}
 e - 3 scrolls of identify {unknown}
 f - 2 scrolls of enchant armour {unknown}
 g - a scroll of teleportation {unknown}
 j - a scroll of enchant weapon {unknown}
Potions
 a - 2 potions of magic
 k - a potion of curing {unknown}


   Skills:
 + Level 3.2 Fighting
 - Level 1.7 Dodging
 - Level 1.7 Stealth
 + Level 2.2 Spellcasting
 + Level 5.1 Conjurations


You had 4 spell levels left.
You knew the following spells:

 Your Spells              Type           Power      Damage    Failure   Level
a - Magic Dart            Conj           92%        1d7       1%          1
b - Searing Ray           Conj           46%        2d6       2%          2

Your spell library contained the following spells:

 Spells                   Type           Power      Damage    Failure   Level
 Dazzling Flash           Conj/Hex       26%        N/A       16%         3
 Fulminant Prism          Conj/Hex       6%         3d7       45%         4
 Iskenderun's Mystic Bla  Conj/Tloc      13%        2d5       45%         4


Dungeon Overview and Level Annotations

Branches:
Dungeon (3/15)

Altars:

Annotations:
D:2 Jessica


Innate Abilities, Weirdness & Mutations

You are a tree.
Your roots penetrate the ground, keeping you stationary.
You cannot be teleported.
You are immune to unholy pain and torment.
Your maximum health is greatly increased.
Your equipment is partially melded.
((Your plain brown scales are hard. (AC +5)))
You cannot fit into any form of body armour.
((You are cold-blooded and may be slowed by cold attacks.))


Message History

Jessica blinks!
You closely miss the hobgoblin.
The hobgoblin hits you but does no damage.
Jessica hits you with a +0 dagger of venom.
You are poisoned.
The hobgoblin misses you.
You climb upwards.
You feel very sick.
There is a stone staircase leading down here.
You hit Jessica.
Jessica is poisoned.
Jessica is moderately wounded.
You feel sick.
Jessica hits you with a +0 dagger of venom.
You are more poisoned.
The hobgoblin hits you.
You hit the hobgoblin but do no damage.
The hobgoblin is poisoned.
You feel very sick.
Jessica hits you with a +0 dagger of venom.
You are lethally poisoned!
The hobgoblin hits you.
You hit the hobgoblin.
The hobgoblin is severely wounded.
You feel very sick.
You kill the hobgoblin!
Jessica hits you but does no damage.
You are more poisoned.
* * * LOW HITPOINT WARNING * * *
You feel very sick. Jessica barely misses you.
* * * LOW HITPOINT WARNING * * *
You feel very sick.
It was a potion of cancellation.
You feel magically purged.
* * * LOW HITPOINT WARNING * * *
You feel very sick.
Jessica casts a spell.
Jessica seems to speed up.
It was a potion of lignification.
You turn into a tree.
Your +0 pair of boots melds into your body.
Your roots penetrate the ground.
You die...

#.# #.####### #........ #.#######
#####.## #......# #......######
#####################............
....[...........♣@>######+#.#####
##################.# #.#.# #.#
#.#.# #.# ##.#.##### #.#
#......... #.# #..#.##### #####
#.# #..#.# #...# #.# #..#.# #...#
#.# #..#.#####


You could see Jessica (fast, very poisoned).

Vanquished Creatures
  Ijyb (D:3)
  3 gnolls (D:2)
  An adder (D:2)
  A dart slug (D:2)
  7 bats
  4 endoplasms
  2 giant cockroaches
  9 goblins
  3 hobgoblins
  5 jackals
  3 kobolds
  2 quokkas (D:1)
  4 ball pythons
  3 frilled lizards
  4 rats (D:1)
52 creatures vanquished.

Notes
Turn   | Place    | Note
-------+----------+-------------------------------------------
     0 | D:1      | nomicflux the Draconian Conjurer began the quest for the
                  | Orb.
     0 | D:1      | Reached XP level 1. HP: 14/14 MP: 3/3
    87 | D:1      | Found a faded altar of an unknown god.
   280 | D:1      | Reached skill level 1 in Fighting
   345 | D:1      | Reached XP level 2. HP: 23/23 MP: 1/5
   527 | D:1      | Learned a level 2 spell: Searing Ray
   842 | D:1      | You fall into a shaft and drop 1 floor!
  1131 | D:2      | Reached XP level 3. HP: 29/29 MP: 3/6
  1676 | D:2      | Reached XP level 4. HP: 26/37 MP: 7/7
  2071 | D:2      | Reached skill level 5 in Conjurations
  2387 | D:3      | Noticed Ijyb
  2396 | D:3      | Noticed Jessica
  2407 | D:3      | Killed Ijyb
  2498 | D:2      | HP: 1/38 [poisoned by Jessica]
  2499 | D:2      | Succumbed to Jessica's poison

Illustrated notes

Levels and vault maps discovered:
D:1:      psy_arrival_statuary, layout_basic,
          ebering_ecumenical_altar_petrified, minmay_tromino_v4_c
D:2:      layout_basic
D:3:      layout_loops_cross, gammafunk_ghost_arena, uniq_jessica, uniq_ijyb

Skill      XL: |  1  2  3  4 |
---------------+-------------+-----
Fighting       | 1 2 3 |  3.2
Conjurations   | 5 |  5.1
Dodging        | |  1.7
Stealth        | |  1.7
Spellcasting   | |  2.2

Action                   |  1- 3 |  4- 6 || total
-------------------------+-------+-------++-------
Melee: Unarmed           |    30 |       ||    30
       Tailslap          |     3 |     3 ||     6
       Club              |     1 |       ||     1
       Dagger            |    11 |    17 ||    28
 Cast: Magic Dart        |    42 |     3 ||    45
       Searing Ray       |     7 |     2 ||     9
  Use: Potion            |       |     2 ||     2
 Stab: Sleeping          |       |     3 ||     3
Armor: Skin              |    30 |     7 ||    37
Dodge: Dodged            |    54 |    19 ||    73

Table legend: (Time is in decaauts)
 A = Elapsed time spent in this place.
 B = Non-inter-level travel time spent in this place.
 C = Inter-level travel time spent in this place.
 D = Time resting spent in this place.
 E = Time spent auto-exploring this place.
 F = Levels seen in this place.
 G = Mean time per level.
                   A        B        C        D        E       F      G
               +--------+--------+--------+--------+--------+-----+--------+
         Total |   2500 |   2478 |     22 |    530 |   1438 |   3 |  833.3 |
       Dungeon |   2500 |   2478 |     22 |    530 |   1438 |   3 |  833.3 |
               +--------+--------+--------+--------+--------+-----+--------+

Top non-repeatable levels by time:
     D:2: 1338 daAuts
     D:1: 1075 daAuts
     D:3: 85 daAuts
